 Dungeon Crawl Stone Soup version 0.26-a0-1049-g242049e08c (webtiles) character file.

Game seed: 16275342572920228639

324 KristoblXynda the Insei (level 6, 0/47 HPs)
             Began as a Draconian Transmuter on Dec 12, 2020.
             Was an Initiate of Cheibriados.
             Slain by a centaur zombie (3 damage)
             ... in an ossuary.
             The game lasted 00:06:04 (3954 turns).

KristoblXynda the Insei (Draconian Transmuter)      Turns: 3954, Time: 00:06:04

Health: 0/47       AC:  7    Str: 14    XL:     6   Next: 23%
Magic:  9/9        EV: 14    Int: 14    God:    Cheibriados [......]
Gold:   156        SH:  0    Dex: 14    Spells: 8/9 levels left

rFire    . . .     SeeInvis .     - Unarmed
rCold    . . .     Faith    .   (no shield)
rNeg     . . .     Spirit   .   (armour unavailable)
rPois    .         Reflect  .   (helmet restricted)
rElec    .         Harm     .   (no cloak)
rCorr    .         Rampage  .   (no gloves)
Will     .....                  f - +0 pair of boots
Stlth    +.........             (no amulet)
HPRegen  0.15/turn              (no ring)
MPRegen  0.11/turn              (no ring)

@: brilliant, about to teleport, marked, flying, very slow
A: unfitting armour, cold-blooded, AC +6
a: Bend Time, Renounce Religion


You were in an ossuary.
You worshipped Cheibriados.
Cheibriados was noncommittal.
You visited 1 branch of the dungeon, and saw 4 of its levels.
You also visited: Ossuary.

You collected 156 gold pieces.

Inventory:

Hand Weapons
 m - a +2 short sword of flaming
Armour
 f - a +0 pair of boots (worn)
Jewellery
 l - an uncursed amulet of reflection
Wands
 n - a wand of digging (3)
Scrolls
 c - 3 scrolls of amnesia
 d - 3 scrolls of remove curse
 h - a scroll of fear
 j - 2 scrolls of teleportation
 k - a scroll of enchant armour {unknown}
 o - a scroll of enchant weapon {unknown}
Potions
 i - a potion of brilliance


   Skills:
 - Level 1.1 Fighting
 + Level 3.6 Dodging
 + Level 4.8 Unarmed Combat
 - Level 2.0 Spellcasting
 + Level 4.1 Transmutations


You had 8 spell levels left.
You knew the following spells:

 Your Spells              Type           Power        Failure   Level
a - Beastly Appendage     Tmut           ###...       4%          1

Your spell library contained the following spells:

 Spells                   Type           Power        Failure   Level
 Wereblood                Tmut           ###.....     7%          2
 Spider Form              Tmut/Pois      ##........   30%         3
 Ice Form                 Ice/Tmut       ##......     71%         4
 Blade Hands              Tmut           ###.......   77%         5


Dungeon Overview and Level Annotations

Branches:
Dungeon (4/15)            Ossuary (1/1)
 Temple: D:4-7

Altars:
Cheibriados


Innate Abilities, Weirdness & Mutations

Your plain brown scales are hard. (AC +6)
You cannot fit into any form of body armour.
You are cold-blooded and may be slowed by cold attacks.


Message History

The centaur zombie closely misses you.
As you read the scroll labelled ETAEJO ZEEF, it crumbles to dust.
You feel strangely unstable.
It was a scroll of teleportation.
The centaur zombie hits you.
* * * LOW HITPOINT WARNING * * *
The centaur zombie barely misses you. The mummy completely misses you.
The centaur zombie closely misses you.
The hobgoblin zombie sets off the alarm!
The alarm trap emits a blaring wail!
A sentinel's mark forms upon you.
Unknown command.
Unknown command.
The centaur zombie hits you!
* * * LOW HITPOINT WARNING * * *
The hobgoblin zombie barely misses you. The mummy closely misses you.
There is a gate leading back out of this place here.
Unknown command.
The hobgoblin zombie hits you but does no damage.
The centaur zombie hits you.
You die...

##...##
#.....#
#.....#
#.....#
#.....#
#..∩..#
#..MM.#
#..Z.Z#
#.@ZM.#
#..Z^.#
#.....#
#.......#
##^.^..##
#.^.^...
##.....##
...^...


You could see 3 mummies, 2 hobgoblin zombies and 2 centaur zombies.

Vanquished Creatures
  A phantom (D:4)
  Jessica (D:2)
  Natasha (thrice) (D:2)
  4 gnolls (D:2)
  3 adders (D:2)
  A worm (D:2)
  2 dart slugs
  3 leopard geckos
  5 orcs (D:3)
  8 bats
  3 giant cockroaches (D:2)
  5 goblins
  8 hobgoblins
  4 jackals (D:3)
  5 kobolds
  A quokka (D:2)
  2 ball pythons (D:1)
  4 frilled lizards
  A quokka zombie (D:4)
  8 rats
  A rat zombie (D:4)
73 creatures vanquished.

Notes
Turn   | Place    | Note
-------+----------+-------------------------------------------
     0 | D:1      | KristoblXynda the Draconian Transmuter began the quest for
                  | the Orb.
     0 | D:1      | Reached XP level 1. HP: 16/16 MP: 3/3
   503 | D:1      | Reached XP level 2. HP: 20/23 MP: 5/5
  1240 | D:2      | Reached XP level 3. HP: 20/28 MP: 6/6
  1729 | D:2      | Reached XP level 4. HP: 16/35 MP: 5/7
  2031 | D:2      | Noticed Natasha
  2042 | D:2      | Killed Natasha
  2051 | D:2      | Noticed Natasha
  2058 | D:2      | Killed Natasha
  2059 | D:2      | Reached XP level 5. HP: 22/40 MP: 6/8
  2193 | D:2      | Noticed Natasha
  2201 | D:2      | Killed Natasha
  2292 | D:2      | Noticed Jessica
  2311 | D:2      | Killed Jessica
  3408 | D:3      | Found a snail-covered altar of Cheibriados.
  3419 | D:3      | Became a worshipper of Cheibriados the Contemplative
  3841 | D:4      | Noticed a phantom
  3890 | D:4      | Found a sand-covered staircase.
  3921 | D:4      | Killed a phantom
  3922 | D:4      | Reached XP level 6. HP: 11/47 MP: 7/9
  3943 | Ossuary  | Entered an ossuary
  3954 | Ossuary  | Slain by a centaur zombie

Illustrated notes

Levels and vault maps discovered:
D:1:      dpeg_arrival_circle_labyrinth_c, layout_basic, minmay_pentomino_r2
D:2:      layout_loops_ring, uniq_jessica, uniq_natasha
D:3:      layout_basic, kennysheep_slug_shrine
D:4:      layout_basic, enter_ossuary_4
Ossuary:  ossuary_the_hunt_dpeg

Skill      XL: |  1  2  3  4  5 |
---------------+----------------+-----
Dodging        | 2 3 |  3.6
Transmutations | 3 4 |  4.1
Unarmed Combat | 4 |  4.8
Fighting       | |  1.1
Spellcasting   | |  2.0

Action                   |  1- 3 |  4- 6 || total
-------------------------+-------+-------++-------
Melee: Unarmed           |   114 |   178 ||   292
       Tailslap          |     7 |    16 ||    23
       Headbutt          |     3 |    16 ||    19
       Kick              |     2 |    17 ||    19
       Punch             |       |     1 ||     1
 Cast: Beastly Appendage |     2 |    15 ||    17
  Use: Scroll            |       |     7 ||     7
       Potion            |       |     4 ||     4
Armor: Skin              |    39 |    36 ||    75
Dodge: Dodged            |    77 |   121 ||   198

Table legend: (Time is in decaauts)
 A = Elapsed time spent in this place.
 B = Non-inter-level travel time spent in this place.
 C = Inter-level travel time spent in this place.
 D = Time resting spent in this place.
 E = Time spent auto-exploring this place.
 F = Levels seen in this place.
 G = Mean time per level.
                   A        B        C        D        E       F      G
               +--------+--------+--------+--------+--------+-----+--------+
         Total |   4069 |   3957 |    112 |   1247 |   1865 |   5 |  813.8 |
       Dungeon |   4057 |   3945 |    112 |   1247 |   1865 |   4 | 1014.2 |
       Ossuary |     12 |     12 |      0 |      0 |      0 |   1 |   12.0 |
               +--------+--------+--------+--------+--------+-----+--------+

Top non-repeatable levels by time:
     D:2: 1608 daAuts
     D:1: 1362 daAuts
     D:3: 973 daAuts
     D:4: 112 daAuts
 Ossuary: 12 daAuts
